 Dungeon Crawl Stone Soup version bcrawl-1.24 (webtiles) character file.

Game seed: 5523713054446836260

2053 Freyura the Cudgeler (level 9, -4/56 HPs)
             Began as a Gargoyle Monk on June 11, 2020.
             Slain by a two-headed ogre
             ... wielding a +0 giant club
              (13 damage)
             ... on level 6 of the Dungeon.
             The game lasted 00:15:15 (4815 turns).

Freyura the Cudgeler (Gargoyle Monk)                Turns: 4815, Time: 00:15:15

Health: -4/56      AC: 22    Str: 15      XL:     9   Next: 25%
Magic:  0/10       EV:  7    Int:  9 (11) God:
Gold:   341        SH:  6    Dex: 14 (15) Spells: 8/8 levels left

rFire    . . .     SeeInvis .   s - +2 morningstar
rCold    . . .     Gourm    .   q - +0 buckler
rNeg     + . .     Faith    .   G - +0 plate armour
rPois    ∞         Spirit   +   c - +0 hat
rElec    +         Reflect  .   o - +2 cloak
rCorr    .         Harm     .   (no gloves)
MR       .....                  (no boots)
Stlth    ..........             d - amulet of guardian spirit
HPRegen  0.18/turn              (no ring)
MPRegen  0.12/turn              (no ring)

@: no status effects
A: repulsion field 1, deterioration 2, negative energy resistance 1, electricity
resistance, unbreathing, petrification resistance, rot immunity, AC +6
a: no special abilities


You were on level 6 of the Dungeon.
You were not hungry.

You visited 1 branch of the dungeon, and saw 6 of its levels.

You collected 341 gold pieces.

Inventory:

Hand Weapons
 a - a +1 mace
 s - a +2 morningstar (weapon)
Missiles
 v - 2 throwing nets (quivered) {!f}
Armour
 c - a +0 hat (worn)
 i - a +0 ring mail
 o - a +2 cloak (worn)
 p - a +0 leather armour
 q - a +0 buckler (worn)
 G - a +0 plate armour (worn)
Jewellery
 b - an uncursed amulet of regeneration {unknown}
 d - an amulet of guardian spirit (around neck)
 F - an uncursed amulet of magic regeneration {unknown}
Wands
 t - a wand of digging (9)
 w - a wand of acid (6)
 z - a wand of iceblast (13)
Scrolls
 f - 4 scrolls of remove curse
 g - 3 scrolls of enchant armour
 k - 3 scrolls of identify
 l - 2 scrolls of noise {unknown}
 u - 4 scrolls of fog
 x - a scroll of fear {unknown}
 y - a scroll of teleportation {unknown}
 A - a scroll of blinking {unknown}
 B - a scroll of magic mapping
 D - a scroll of immolation
 E - a scroll of vulnerability {unknown}
Potions
 h - a potion of flight {unknown}
 j - a potion of resistance {unknown}
 m - 4 potions of curing
 n - a potion of experience {unknown}
 r - a potion of degeneration {unknown}
 C - a potion of lignification {unknown}
Comestibles
 e - 11 rations {!d}


   Skills:
 + Level 6.4 Fighting
 * Level 7.8 Maces & Flails
 + Level 5.2 Armour
 + Level 4.8 Dodging
 - Level 2.4 Stealth
 + Level 3.7 Shields
   Level 2.1 Invocations


You had 8 spell levels left.
You didn't know any spells.
Your spell library was empty.

Dungeon Overview and Level Annotations

Branches:
Dungeon (6/12)
 Temple: D:4-7

Altars:
Cheibriados
Dithmenos
Gozag
Lugonu
Nemelex Xobeh
Trog
Zin
The Shining One

Shops:
D:4 (


Innate Abilities, Weirdness & Mutations

You are resistant to torment.
Your stone body is resilient. (AC +6)
You are immune to poison.
You resist negative energy. (rN+)
You are resistant to electric shocks. (rElec)
You can survive without breathing.
You are immune to petrification.
You are immune to rotting.
You are surrounded by a mild repulsion field. (EV +2)
Your body often deteriorates upon taking damage.


Message History

The two-headed ogre is moderately wounded.
You hit the two-headed ogre.
The two-headed ogre is moderately wounded.
The two-headed ogre hits you with a +0 giant club!
Your body deteriorates!
You feel clumsy. You block the two-headed ogre's attack.
You sock the two-headed ogre!
The two-headed ogre is heavily wounded.
The two-headed ogre hits you with a +0 giant club!
The two-headed ogre hits you but does no damage.
You puncture the two-headed ogre!
The two-headed ogre is severely wounded.
The two-headed ogre barely misses you.
The two-headed ogre hits you with a +0 giant spiked club!
* * * LOW HITPOINT WARNING * * *
Your body deteriorates!
You feel dopey.
You puncture the two-headed ogre!
The two-headed ogre is almost dead.
The two-headed ogre hits you with a +0 giant club!
You die...

#..)# ###.##
###..# #....#
#....#
###..#### ###
##.....# ###.#
#..#####
#rO@####..#
#...h##......#
#... #.####.#
...# #.# #.#
.. ..# #.# #
.### #.# ..
#†# .# #.###
.. #...##


You could see a two-headed ogre, a hound and a quokka.

Vanquished Creatures
  Pikel (D:4)
  The ghost of speilhur the Sneak, a novice VSRg (D:4)
  A wyvern (D:6)
  2 phantoms
  2 ogres
  A big kobold (D:6)
  2 howler monkeys
  4 crimson imps (D:4)
  A hound (D:4)
  An orc priest (D:5)
  A bullfrog skeleton (D:4)
  2 centaur skeletons
  2 iguanas
  Natasha (twice) (D:3)
  An orc wizard (D:5)
  6 worker ants
  A hound zombie (D:5)
  4 adders
  4 gnolls (D:4)
  3 oozes
  2 adder skeletons
  5 worms
  4 dart slugs
  4 leopard geckos
  8 orcs
  2 ball pythons
  5 bats
  3 giant cockroaches
  5 goblins
  13 hobgoblins
  11 jackals
  13 kobolds
  5 quokkas
  2 frilled lizards
  A jackal skeleton (D:5)
  5 rats
130 creatures vanquished.

Notes
Turn   | Place    | Note
-------+----------+-------------------------------------------
     0 | D:1      | Freyura the Gargoyle Monk began the quest for the Orb.
     0 | D:1      | Reached XP level 1. HP: 14/14 MP: 2/2
   116 | D:1      | Reached XP level 2. HP: 19/19 MP: 3/3
   484 | D:1      | Reached skill level 1 in Armour
   508 | D:1      | Reached XP level 3. HP: 22/23 MP: 4/4
   797 | D:1      | Gained mutation: Your body sometimes deteriorates upon
                  | taking damage. [potion of mutation]
   797 | D:1      | Gained mutation: Your body often deteriorates upon taking
                  | damage. [potion of mutation]
   797 | D:1      | Gained mutation: You are surrounded by a mild repulsion
                  | field. (EV +2) [potion of mutation]
  1138 | D:2      | Reached XP level 4. HP: 25/29 MP: 5/5
  1472 | D:2      | Reached skill level 4 in Maces & Flails
  1794 | D:3      | Found a bloodstained altar of Trog.
  1847 | D:3      | Found a corrupted altar of Lugonu.
  1851 | D:3      | Found a glowing silver altar of Zin.
  1851 | D:3      | Found a snail-covered altar of Cheibriados.
  1855 | D:3      | Found a shadowy altar of Dithmenos.
  1857 | D:3      | Found a glowing golden altar of the Shining One.
  2007 | D:3      | Noticed Natasha
  2030 | D:3      | Killed Natasha
  2030 | D:3      | Reached XP level 5. HP: 18/33 MP: 4/6
  2242 | D:3      | Noticed Natasha
  2250 | D:3      | Killed Natasha
  2251 | D:3      | Found a faded altar of an unknown god.
  2568 | D:4      | Reached XP level 6. HP: 29/39 MP: 7/7
  2722 | D:4      | Reached skill level 5 in Maces & Flails
  2885 | D:4      | Found a large runed translucent door.
  2886 | D:4      | Found a large runed translucent door.
  2886 | D:4      | Noticed speilhur's ghost (novice VSRg)
  2905 | D:4      | Reached XP level 7. HP: 19/44 MP: 3/8
  3066 | D:4      | Reached skill level 5 in Fighting
  3296 | D:4      | Found a sparkling altar of Nemelex Xobeh.
  3363 | D:4      | Reached skill level 6 in Maces & Flails
  3451 | D:4      | Reached skill level 1 in Shields
  3454 | D:4      | Noticed Pikel
  3473 | D:4      | Killed Pikel
  3473 | D:4      | Reached XP level 8. HP: 27/51 MP: 5/9
  3675 | D:4      | Found Maefrav's Weapon Shop.
  3840 | D:4      | Killed speilhur's ghost
  3840 | D:4      | Reached skill level 7 in Maces & Flails
  3902 | D:5      | Entered Level 5 of the Dungeon
  3924 | D:5      | Found an opulent altar of Gozag.
  4228 | D:5      | Reached XP level 9. HP: 55/55 MP: 10/10
  4405 | D:5      | Reached skill level 5 in Armour
  4801 | D:6      | Noticed a two-headed ogre
  4815 | D:6      | Slain by a two-headed ogre

Skill      XL: |  1  2  3  4  5  6  7  8  9 |
---------------+----------------------------+-----
Armour         | 1 2 3 4 5 |  5.2
Maces & Flails | 4 5 6 7 |  7.8
Fighting       | 4 5 6 |  6.4
Dodging        | 3 4 |  4.8
Shields        | 2 3 |  3.7
Stealth        | |  2.4
Invocations    | |  2.1

Action                   |  1- 3 |  4- 6 |  7- 9 || total
-------------------------+-------+-------+-------++-------
Melee: Mace              |   163 |   273 |     5 ||   441
       Morningstar       |       |       |   243 ||   243
  Use: Scroll            |     5 |     4 |     2 ||    11
       Potion            |     1 |       |       ||     1
 Stab: Sleeping          |     5 |     1 |     1 ||     7
  Eat: Chunk             |     1 |     3 |     3 ||     7
       Ration            |       |     1 |     1 ||     2
Armor: Robe              |    34 |       |       ||    34
       Leather armour    |    34 |     4 |       ||    38
       Ring mail         |       |   105 |    94 ||   199
       Plate armour      |       |       |    22 ||    22
Dodge: Dodged            |   153 |   267 |   172 ||   592
Block: Buckler           |       |       |    74 ||    74
